cohdb
Replays
Latest Replays
All Replays
Popular Replays
Top Player Replays
Match Explorer
How It Works
Community
CoH3 Stats
Reddit
Sign in to upload your games and track your stats! →
Sign in with Steam
Match 41350017
Unlisted
Match 41350017
Overview
Messages
Build Orders
End
Selects Italian Combined Arms Battlegroup
Selects Bersaglieri Squad
Bersaglieri Squad
250 Light Carrier
Bersaglieri Squad
Construct Light Support Kompanie
Selects Bersaglieri Bolster
MG34 Team
2.5-tonne Medical Truck
Combat Half-tracks
Panzerjäger Mechanized Group
Fire Support Elements
Panzerjäger Squad
Selects Breda Model 30 Light Machine Guns
Pak 38 Anti-tank Gun Team
Construct Mechanized Kompanie
Tungsten Core Ammunition
Selects Semovente da 75/18 Assault Gun
Semovente da 75/18 Assault Gun
Vehicle Survival Package
Selects Carro Armato M13/40 Light Tank
Carro Armato M13/40 Light Tank
Emergency Repair Kits
Selects Artillery Cover
Advanced Optics
Artillery Cover
AI Takeover
Rorschach
Muad'Div
Duuntz
ßoo
Tactical Nuclear Cow
DarkBlaze
0
0
Comments
sign in to comment!
No comments posted yet!